 Dungeon Crawl Stone Soup version 0.30.1-11-g7821555f0a (webtiles) character file.

Game seed: 5722207811822080803

320 Okkudo the Cleaver (level 6, -5/51 HPs)
             Began as a Hill Orc Monk on Dec 11, 2023.
             Was a Believer of Beogh.
             Slain by an ice beast (9 damage)
             ... on level 5 of the Dungeon.
             The game lasted 00:11:14 (3582 turns).

Okkudo the Cleaver (Hill Orc Monk)                  Turns: 3582, Time: 00:11:16

Health: -5/51      AC:  8    Str: 16    XL:     6   Next: 46%
Magic:  6/6        EV:  6    Int: 16    God:    Beogh [**....]
Gold:   281        SH: 12    Dex: 13    Spells: 5/5 levels left

rFire   . . .        a - +0 hand axe
rCold   . . .        c - +0 kite shield
rNeg    . . .        r - +0 chain mail
rPois   .            (no helmet)
rElec   .            (no cloak)
rCorr   .            (no gloves)
SInv    .            (no boots)
Will    .....        b - amulet of reflection Stlth
                     p - +6 ring of intelligence
HPRegen 0.28/turn    (no ring)
MPRegen 0.10/turn

%: reflection
@: no status effects
A: no striking features
a: Renounce Religion, Smiting


You were on level 5 of the Dungeon.
You worshipped Beogh.
Beogh was pleased with you.
You visited 1 branch of the dungeon, and saw 5 of its levels.

You collected 281 gold pieces.

Inventory:

Hand Weapons
 a - a +0 hand axe (weapon)
Armour
 c - a +0 kite shield (worn)
 r - a +0 chain mail (worn)
Jewellery
 b - an amulet of reflection (around neck)
 p - a +6 ring of intelligence (left hand)
 t - a ring of willpower
Wands
 k - a wand of iceblast (23)
Scrolls
 e - 2 scrolls of vulnerability {unknown}
 f - 3 scrolls of teleportation {unknown}
 g - 2 scrolls of enchant weapon {unknown}
 h - 4 scrolls of identify {unknown}
 i - a scroll of poison {unknown}
 l - a scroll of silence {unknown}
 m - 2 scrolls of enchant armour {unknown}
 q - a scroll of magic mapping {unknown}
 u - a scroll of immolation {unknown}
Potions
 d - a potion of haste {unknown}
 j - a potion of curing {unknown}
 n - a potion of flight {unknown}
 o - 3 potions of degeneration {unknown}
 s - 2 potions of invisibility {unknown}
 v - a potion of berserk rage {unknown}


   Skills:
 - Level 3.6 Fighting
 * Level 8.9 Axes
 - Level 2.4 Dodging
 + Level 1.7 Shields


You had 5 spell levels left.
You didn't know any spells.
Your spell library contained the following spells:

 Spells                   Type           Power      Damage    Failure   Level
 Manifold Assault         Tloc           0%         N/A       100%        4
 Dispersal                Tloc           0%         N/A       100%        6
 Disjunction              Tloc           0%         N/A       100%        8


Dungeon Overview and Level Annotations

Branches:
Dungeon (5/15)
 Temple: D:4-7

Altars:

Shops:
D:4 =

Annotations:
D:5 Pikel


Message History

You hit the lemure. You block the lemure's attack.
The ice beast hits you but does no damage.
You closely miss the ice beast.
The ice beast is severely wounded.
You hit the lemure. The lemure hits you. You block the ice beast's attack.
You hit the ice beast but do no damage.
The ice beast is severely wounded.
You hit the lemure but do no damage. The lemure hits you.
* * * LOW HITPOINT WARNING * * *
The ice beast hits you but does no damage.
You barely miss the ice beast.
The ice beast is severely wounded.
You hit the lemure but do no damage. You block the lemure's attack.
You block the ice beast's attack.
You barely miss the ice beast.
The ice beast is severely wounded.
You closely miss the lemure. The lemure hits you but does no damage.
The ice beast closely misses you.
You hit the ice beast.
The ice beast is almost dead.
You hit the lemure. The lemure barely misses you.
The ice beast hits you but does no damage.
You hit the ice beast but do no damage.
The ice beast is almost dead.
You slash the lemure! You block the lemure's attack. The ice beast hits you.
* * * LOW HITPOINT WARNING * * *
The ice beast freezes you.
* * * LOW HITPOINT WARNING * * *
You closely miss the ice beast.
The ice beast is almost dead.
You hit the lemure but do no damage. You block the lemure's attack.
The ice beast hits you but does no damage.
You closely miss the ice beast.
The ice beast is almost dead.
You closely miss the lemure. The lemure hits you.
* * * LOW HITPOINT WARNING * * *
The ice beast hits you.
* * * LOW HITPOINT WARNING * * *
The ice beast freezes you!
You die...

#.#o.........
#.#......)...
#.#$...>.....
###.#o.......##
###...O...####...
#..O###.......###
###.#.# #...###.#
#...oO###K#.#
#.#.#5Y@55#.#
.......###.....#
###.#.#.# #.#....
#...... ## ###
###.### #. #


You could see Pikel, an ice beast, an ogre, 3 lemures and an orc.

Vanquished Creatures
  A black bear (D:4)
  A lemure (D:4)
  An iguana (D:4)
  Natasha (thrice) (D:3)
  4 adders
  2 worms
  4 dart slugs
  10 orcs
  9 ball pythons
  5 bats
  5 endoplasms
  4 giant cockroaches
  3 hobgoblins
  5 jackals (D:2)
  5 kobolds
  3 quokkas
  2 frilled lizards (D:2)
  6 goblins
  6 rats
79 creatures vanquished.

Vanquished Creatures (others)
  An orc (D:4)
1 creature vanquished.

Grand Total: 80 creatures vanquished

Notes
Turn   | Place    | Note
-------+----------+-------------------------------------------
     0 | D:1      | Okkudo the Hill Orc Monk began the quest for the Orb.
     0 | D:1      | Reached XP level 1. HP: 19/19 MP: 1/1
   175 | D:1      | Reached XP level 2. HP: 22/26 MP: 2/2
   482 | D:1      | Reached skill level 5 in Axes
   958 | D:2      | Reached XP level 3. HP: 22/31 MP: 3/3
  1074 | D:2      | Reached skill level 6 in Axes
  1184 | D:2      | Reached XP level 4. HP: 35/39 MP: 4/4
  1785 | D:3      | Found a faded altar of an unknown god.
  1855 | D:3      | Reached skill level 7 in Axes
  1855 | D:3      | Noticed Natasha
  1867 | D:3      | Killed Natasha
  1868 | D:3      | Reached XP level 5. HP: 21/45 MP: 5/5
  1892 | D:3      | Noticed Natasha
  1957 | D:3      | Killed Natasha
  2252 | D:3      | Noticed Natasha
  2281 | D:3      | HP: 2/45 [orc/+0 hand axe (4)]
  2468 | D:3      | Killed Natasha
  2469 | D:3      | Reached skill level 8 in Axes
  2753 | D:4      | Found Gunausia's Jewellery Shop.
  2767 | D:4      | Noticed a black bear
  2783 | D:4      | Killed a black bear
  2784 | D:4      | Reached skill level 1 in Shields
  2784 | D:4      | Reached XP level 6. HP: 18/51 MP: 6/6
  2998 | D:4      | Became a worshipper of Beogh the Brigand
  2998 | D:4      | Reached * piety under Beogh
  2998 | D:4      | Reached ** piety under Beogh
  3487 | D:5      | Entered Level 5 of the Dungeon
  3488 | D:5      | Noticed Pikel
  3556 | D:5      | Noticed an ice beast
  3582 | D:5      | Slain by an ice beast

Illustrated notes

Levels and vault maps discovered:
D:1:      dpeg_arrival_round_c, layout_basic
D:2:      layout_rooms
D:3:      layout_basic, dreamdust_ecumenical_altar_angels_and_demons,
          minmay_misc_feat_diagonals, grunt_decor_mini_mirrors, chequers_garden,
          hangedman_decor_opposing, uniq_natasha
D:4:      layout_cave_pools, serial_shops, nicolae_shop_hallway_plus,
          minmay_parallelograms
D:5:      layout_loops_ring, minmay_temple_entry_glass,
          gammafunk_ghost_gnarly_gnolls, item_on_display_a, uniq_pikel,
          uniq_blork_the_orc

Skill      XL: |  1  2  3  4  5 |
---------------+----------------+-----
Axes           | 5 6 7 8 |  8.9
Shields        | 1 |  1.7
Fighting       | |  3.6
Dodging        | |  2.4

Action                     |  1- 3 |  4- 6 || total
---------------------------+-------+-------++-------
  Melee: Hand axe          |   109 |   204 ||   313
 Invoke: Convert to Beogh  |       |     1 ||     1
    Use: Potion            |     1 |     1 ||     2
   Stab: Distracted        |       |     1 ||     1
 Armour: Robe              |    20 |       ||    20
         Leather armour    |    15 |    13 ||    28
         Chain mail        |       |    63 ||    63
  Dodge: Dodged            |    91 |    66 ||   157
  Block: Orb               |       |    23 ||    23
         Reflection        |       |     1 ||     1
         Kite shield       |       |    63 ||    63
